 Dungeon Crawl Stone Soup version 0.26-a0-259-g1effd001a9 (webtiles) character file.

Game seed: 1537923594772446326

54 Sorcv the Chiller (level 3, -1/31 HPs)
             Began as an Ogre Ice Elementalist on July 27, 2020.
             Killed from afar by an orc wizard (7 damage)
             ... with a magic dart
             ... on level 3 of the Dungeon.
             The game lasted 00:03:51 (638 turns).

Sorcv the Chiller (Ogre Ice Elementalist)            Turns: 638, Time: 00:03:51

Health: -1/31      AC:  3    Str: 12    XL:     3   Next: 91%
Magic:  7/7        EV:  9    Int: 17    God:
Gold:   17         SH:  0    Dex:  9    Spells: 7/8 levels left

rFire    . . .     SeeInvis .   h - +0 dagger (drain)
rCold    . . .     Faith    .   (no shield)
rNeg     . . .     Spirit   .   a - +0 robe
rPois    .         Reflect  .   (helmet restricted)
rElec    .         Harm     .   (no cloak)
rCorr    .                      (gloves unavailable)
MR       .....                  (boots unavailable)
Stlth    +.........             (no amulet)
HPRegen  0.10/turn              (no ring)
MPRegen  0.10/turn              (no ring)

@: confused, drained
A: large, unfitting armour, tough skin 1
a: no special abilities


You were on level 3 of the Dungeon.
You were not hungry.

You visited 1 branch of the dungeon, and saw 3 of its levels.

You collected 17 gold pieces.

Inventory:

Hand Weapons
 h - a +0 dagger of draining (weapon)
Missiles
 e - 14 bolts
Armour
 a - a +0 robe (worn)
Wands
 b - a wand of acid (9)
Potions
 f - a potion of degeneration {unknown}
 g - a potion of cancellation {unknown}
Comestibles
 c - 6 rations


   Skills:
 - Level 1.8(1.1) Dodging
 - Level 1.4(0.7) Stealth
 - Level 0.2(0.0) Unarmed Combat
 + Level 3.1(2.4) Spellcasting
 * Level 4.5(3.7) Ice Magic


You had 7 spell levels left.
You knew the following spells:

 Your Spells              Type           Power        Failure   Level
a - Freeze                Ice            ##..         4%          1

Your spell library contained the following spells:

 Spells                   Type           Power        Failure   Level
 Frozen Ramparts          Ice            ##....       12%         3
 Ozocubu's Armour         Chrm/Ice       #.......     26%         3
 Hailstorm                Conj/Ice       #.......     65%         4
 Summon Ice Beast         Ice/Summ       #.......     65%         4


Dungeon Overview and Level Annotations

Branches:
Dungeon (3/15)

Altars:


Innate Abilities, Weirdness & Mutations

You are too large for most types of armour.
You have tough skin. (AC +1)


Message History

The puff of flame misses you.
You hit something. Something hits you.
You barely miss something. Something hits you but does no damage.
You miss something.
You hear some strange, mumbled words.
You are confused.
You bump into the rock wall.
You hear some strange, mumbled words.
A magic dart appears from out of thin air!
The magic dart hits you.
You miss something.
You hear some strange, mumbled words.
A puff of flame appears from out of thin air!
The puff of flame hits you!
* * * LOW HITPOINT WARNING * * *
You miss something.
You hear some strange, mumbled words.
A magic dart appears from out of thin air!
The magic dart hits you!
You die...

.##...##..##.# #.#
#...##..##.# #.#
#...##..##.# #.#
.##...##[.##.# #l#
.............# #.#
###.........o######.#######
..........................K
#########.#########(######
..............@{o.#
#######.########### #.# ###


You could see an orc.

Vanquished Creatures
  Ijyb (D:3)
  An adder (D:3)
  An ooze (D:1)
  3 leopard geckos (D:3)
  2 bats (D:2)
  2 hobgoblins
  A kobold (D:3)
  3 goblins
  3 rats
17 creatures vanquished.

Notes
Turn   | Place    | Note
-------+----------+-------------------------------------------
     0 | D:1      | Sorcv the Ogre Ice Elementalist began the quest for the
                  | Orb.
     0 | D:1      | Reached XP level 1. HP: 16/16 MP: 3/3
    72 | D:1      | Reached XP level 2. HP: 17/24 MP: 1/5
   198 | D:2      | Reached skill level 4 in Ice Magic
   383 | D:3      | Reached XP level 3. HP: 30/31 MP: 4/7
   461 | D:3      | Noticed Ijyb
   477 | D:3      | Killed Ijyb
   638 | D:3      | Killed from afar by an orc wizard

Illustrated notes

Levels and vault maps discovered:
D:1:      minmay_arrival_split_and_join, layout_loops_ring
D:2:      layout_basic, first_ration
D:3:      layout_basic, st_stairs_11, uniq_robin, uniq_ijyb

Skill      XL: |  1  2  3 |
---------------+----------+-----
Ice Magic      | 4 |  4.5
Spellcasting   | 3 |  3.1
Dodging        | |  1.8
Stealth        | |  1.4
Unarmed Combat | |  0.2

Action                   || total
-------------------------++-------
Melee: Unarmed           ||    26
       Punch             ||     1
       Dagger            ||    20
 Cast: Freeze            ||    23
  Use: Scroll            ||     2
Armor: Robe              ||    26
Dodge: Dodged            ||    33

Table legend:
 A = Non-vault XP
 B = Vault XP
 C = Vault XP percentage of total XP
 D = Non-vault monster count
 E = Vault monster count
 F = Vault count percentage of total count
                 A         B        C        D         E       F
            +---------+---------+-------+---------+---------+-------
      Total |      45 |      33 |  42.3 |      16 |       1 |   5.9
            +---------+---------+-------+---------+---------+-------
        D:1 |      12 |       0 |   0.0 |       5 |       0 |   0.0
        D:2 |       6 |       0 |   0.0 |       4 |       0 |   0.0
        D:3 |      27 |      33 |  55.0 |       7 |       1 |  12.5
            +---------+---------+-------+---------+---------+-------
